 Dungeon Crawl Stone Soup version 0.27-a0-1391-g48c30b3128 (webtiles) character file.

Game seed: 13630560475474573525

2767 Froggeryz the Slicer (level 9, -2/87 HPs)
             Began as an Octopode Berserker on July 1, 2021.
             Was an Elder of Trog.
             Killed from afar by a white imp (6 damage)
             ... with a puff of frost
             ... on level 7 of the Dungeon.
             The game lasted 00:06:48 (8382 turns).

Froggeryz the Slicer (Octopode Berserker)           Turns: 8382, Time: 00:06:49

Health: -2/87      AC:  1    Str: 16    XL:     9   Next: 69%
Magic:  9/9        EV: 14    Int:  9    God:    Trog [****..]
Gold:   529        SH:  0    Dex: 15    Spells: 8/8 levels left

rFire    . . .     SeeInvis .   e - +2 short sword (venom)
rCold    . . .     Faith    .   (no shield)
rNeg     . . .     Spirit   .   (helmet restricted)
rPois    .         Reflect  .   (no amulet)
rElec    .         Harm     .   (no ring)
rCorr    .         Rampage  .   (no ring)
Will     .....                  (no ring)
Stlth    ..........             (no ring)
HPRegen  0.24/turn              (no ring)
MPRegen  0.11/turn              (no ring)
                                (no ring)
                                (no ring)

@: berserking, very quick
A: almost no armour, amphibious, 8 rings, camouflage 1, gelatinous body 1,
(nimble swimmer 1), tentacles
a: Renounce Religion, Berserk, Trog's Hand, Brothers in Arms


You were on level 7 of the Dungeon.
You worshipped Trog.
Trog was greatly pleased with you.
You visited 1 branch of the dungeon, and saw 7 of its levels.
You also visited: Sewer.

You collected 529 gold pieces.

Inventory:

Hand Weapons
 e - a +2 short sword of venom (weapon)
Missiles
 b - 3 boomerangs (quivered)
 g - 52 poisoned darts
 m - 2 curare-tipped darts
Jewellery
 s - an amulet of reflection
Wands
 B - a wand of paralysis (9)
Scrolls
 a - 2 scrolls of enchant armour
 c - 6 scrolls of teleportation
 f - a scroll of blinking
 h - a scroll of immolation
 n - 3 scrolls of fog
 o - a scroll of magic mapping
 q - 2 scrolls of fear
 u - a scroll of summoning {unknown}
 v - a scroll of acquirement {unknown}
 x - a scroll of amnesia {unknown}
 y - a scroll of identify
Potions
 d - 3 potions of curing {unknown}
 i - 3 potions of heal wounds {unknown}
 j - a potion of lignification {unknown}
 k - a potion of ambrosia {unknown}
 l - a potion of cancellation {unknown}
 p - a potion of flight {unknown}
 r - 3 potions of brilliance {unknown}
 t - a potion of attraction {unknown}
 w - a potion of magic
 z - a potion of mutation {unknown}
 A - a potion of might {unknown}
 C - a potion of haste {unknown}
 D - a potion of invisibility {unknown}


   Skills:
 + Level 3.6 Fighting
 - Level 10.6 Short Blades
 * Level 4.2 Dodging
 - Level 10.0 Stealth


You had 8 spell levels left.
You didn't know any spells.
Your spell library was empty.

Dungeon Overview and Level Annotations

Branches:
Dungeon (7/15)             Temple (0/1) D:5           Sewer (visited)

Altars:
Cheibriados
Hepliaklqana
Nemelex Xobeh
Uskayaw
Xom
Beogh

Annotations:
D:4 2 transporters, fly's ghost, weakling HuDe


Innate Abilities, Weirdness & Mutations

You cannot wear most types of armour.
You are amphibious.
You can wear up to eight rings at the same time.
Your skin changes colour to match your surroundings (Stealth+).
Your rubbery body absorbs attacks. (AC +1, EV +1)
((You are camouflaged near water. (Stealth+)))
You have tentacles for arms and can constrict up to eight enemies at once.


Message History

Trog accepts your kill.
No target in view!
There is an open gate here.
You see here a +0 leather armour.
There is a stone staircase leading up here.
There is a strange disturbance nearby!
There is a strange disturbance nearby!
There is a strange disturbance nearby!
No target in view!
No target in view!
No target in view!
Found an escape hatch in the ceiling.
A white imp comes into view.
Found a book of Geomancy.
The white imp shouts!
Something hits you!
Deactivating autopickup; reactivate with Ctrl-A.
The white imp barely misses you.
You closely miss something. You squeeze something. Something hits you.
The white imp hits you. The white imp freezes you. The white imp misses you.
Something hits you!
A red film seems to cover your vision as you go berserk!
You feel yourself moving faster!
You feel mighty! Something hits you! x2
The white imp closely misses you. Something hits you but does no damage.
You barely miss something. Something completely misses you.
You barely miss something. Something hits you.
* * * LOW HITPOINT WARNING * * *
The white imp shouts, "Quit, thou goatish fool-born death-token!"
The white imp misses you.
You miss something. You squeeze something! Something barely misses you.
You puncture something! Something hits you!
* * * LOW HITPOINT WARNING * * *
The white imp gestures at you. The puff of frost misses you.
Something hits you!
* * * LOW HITPOINT WARNING * * *
You feel a strong urge to attack something.
The white imp gestures at you. The puff of frost hits you.
You die...

.....##...# ...
.....###.........>....
.....###...#.........#
.....................#
...########..........#
##.# #..........# #<#
#.........# #.##
#.........# #..#
#....@.<..# ##.#
#.........# #.#
#.5.......# #.####
###.......##
#....####..........#
####........######...
####.....# ###.
...#...# #####...#


You could see a white imp.

Vanquished Creatures
  4 yaks (D:6)
  Edmund (D:5)
  2 water moccasins (D:6)
  An orc warrior (D:5)
  2 sky beasts (D:7)
  An ogre (D:6)
  A phantom (D:5)
  2 centaurs (D:6)
  3 kobold brigands (Sewer)
  A bullfrog (D:6)
  2 scorpions
  A wyvern skeleton (D:6)
  3 hounds
  2 orc priests
  An iron imp (D:7)
  4 jellies
  2 bullfrog skeletons
  2 centaur skeletons (D:7)
  3 orc wizards
  Terence (D:3)
  A killer bee zombie (D:6)
  A hound skeleton (D:5)
  3 gnolls (D:7)
  7 adders
  2 river rats (Sewer)
  A white imp (D:7)
  An ufetubus (D:6)
  6 worms
  An adder skeleton (D:4)
  3 dart slugs
  15 orcs
  3 bats
  5 endoplasms
  6 giant cockroaches
  8 hobgoblins
  4 jackals (D:3)
  5 quokkas
  8 ball pythons
  5 frilled lizards
  7 goblins
  15 kobolds
  16 rats
162 creatures vanquished.

Notes
Turn   | Place    | Note
-------+----------+-------------------------------------------
     0 | D:1      | Froggeryz the Octopode Berserker began the quest for the
                  | Orb.
     0 | D:1      | Reached XP level 1. HP: 16/16 MP: 1/1
    19 | D:1      | Reached skill level 1 in Stealth
    86 | D:1      | Reached XP level 2. HP: 21/21 MP: 2/2
   628 | D:1      | Reached XP level 3. HP: 26/26 MP: 3/3
   744 | D:1      | Reached ** piety under Trog
  1203 | D:2      | Reached XP level 4. HP: 31/31 MP: 4/4
  1935 | D:3      | Noticed Terence
  1944 | D:3      | Killed Terence
  1945 | D:3      | Reached skill level 5 in Short Blades
  1945 | D:3      | Reached XP level 5. HP: 22/36 MP: 5/5
  2780 | D:4      | Found a glowing drain.
  2796 | Sewer    | Entered a sewer
  2911 | Sewer    | Noticed a kobold brigand
  2919 | Sewer    | Killed a kobold brigand
  2919 | Sewer    | Reached *** piety under Trog
  2920 | Sewer    | Reached XP level 6. HP: 42/42 MP: 6/6
  3133 | Sewer    | Reached skill level 5 in Stealth
  3508 | D:4      | Reached XP level 7. HP: 41/46 MP: 7/7
  3628 | D:4      | Found a transporter.
  3633 | D:4      | Noticed fly's ghost (weakling HuDe)
  3634 | D:4      | Found a transporter.
  4439 | D:4      | Found a hide-covered altar of Uskayaw.
  4723 | D:5      | Entered Level 5 of the Dungeon
  5174 | D:5      | Found a shimmering altar of Xom.
  5314 | D:5      | Found a staircase to the Ecumenical Temple.
  5477 | D:5      | Noticed Edmund
  5478 | D:5      | Reached XP level 8. HP: 28/52 MP: 8/8
  5631 | D:5      | Killed Edmund
  5729 | D:5      | Reached **** piety under Trog
  5770 | D:5      | Found a sparkling altar of Nemelex Xobeh.
  6870 | D:6      | Found a hazy altar of Hepliaklqana.
  6951 | D:6      | Noticed a yak
  6952 | D:6      | Noticed a yak
  6953 | D:6      | Noticed a yak
  6954 | D:6      | Noticed a yak
  6981 | D:6      | Killed a yak
  6982 | D:6      | Reached XP level 9. HP: 56/56 MP: 9/9
  6990 | D:6      | Reached skill level 10 in Short Blades
  7527 | D:6      | Reached skill level 10 in Stealth
  8331 | D:7      | Found a snail-covered altar of Cheibriados.
  8381 | D:7      | HP: 4/87 [something (9)]
  8382 | D:7      | Killed from afar by a white imp

Illustrated notes

Levels and vault maps discovered:
D:1:      dpeg_arrival_fog, layout_basic, minmay_rat_gold_closets
D:2:      layout_rooms, hangedman_decor_points, serial_park_tiny_pond
D:3:      layout_loops_ring, dk_vineyard_1, uniq_terence
D:4:      layout_basic, nicolae_uskayaw_dance_hall, gammafunk_ghost_arena,
          cheibrodos_sewer_entry_sluice, kennysheep_orc_chapel
D:5:      layout_loops_ring, amcnicky_altar_gilded,
          nemelex_diamond_rough_becter, minmay_temple_entry_offerings,
          guppyfry_early_orc_mine, uniq_edmund
D:6:      layout_basic, lemuel_round_altar
D:7:      layout_rooms, slow_altar_2

Skill      XL: |  1  2  3  4  5  6  7  8  9 |
---------------+----------------------------+-----
Stealth        | 1 2 3 4 5 7 9 10 | 10.0
Short Blades   | 4 5 6 7 9 10 | 10.6
Dodging        | 4 |  4.2
Fighting       | |  3.6

Action                   |  1- 3 |  4- 6 |  7- 9 || total
-------------------------+-------+-------+-------++-------
Melee: Short sword       |    71 |   122 |   197 ||   390
       Constrict         |    18 |    32 |    26 ||    76
       Tentacles         |    15 |    25 |    46 ||    86
Invok: Trog's Hand       |       |     1 |       ||     1
       Berserk           |       |       |     8 ||     8
  Use: Scroll            |       |    10 |       ||    10
       Potion            |       |     1 |       ||     1
 Stab: Sleeping          |    16 |    12 |    14 ||    42
       Distracted        |       |     2 |     1 ||     3
Armor: Skin              |     2 |     4 |     7 ||    13
Dodge: Dodged            |    32 |    59 |    96 ||   187

Table legend: (Time is in decaauts)
 A = Elapsed time spent in this place.
 B = Non-inter-level travel time spent in this place.
 C = Inter-level travel time spent in this place.
 D = Time resting spent in this place.
 E = Time spent auto-exploring this place.
 F = Levels seen in this place.
 G = Mean time per level.
                   A        B        C        D        E       F      G
               +--------+--------+--------+--------+--------+-----+--------+
         Total |   8364 |   8203 |    161 |   1559 |   5591 |   8 | 1045.5 |
       Dungeon |   7758 |   7597 |    161 |   1559 |   5129 |   7 | 1108.3 |
         Sewer |    605 |    605 |      0 |      0 |    462 |   1 |  605.0 |
               +--------+--------+--------+--------+--------+-----+--------+

Top non-repeatable levels by time:
     D:6: 1947 daAuts
     D:4: 1352 daAuts
     D:5: 1151 daAuts
     D:1: 1070 daAuts
     D:3: 932 daAuts
     D:2: 739 daAuts
   Sewer: 605 daAuts
     D:7: 564 daAuts
